 Dungeon Crawl Stone Soup version 0.22-a0-165-g89cf10f13c (webtiles) character file.

77 MrRokkomies the Gusty (level 4, -2/36 HPs)
             Began as a Tengu Air Elementalist on Feb 13, 2018.
             Slain by a worm (7 damage)
             ... on level 2 of the Dungeon.
             The game lasted 00:05:37 (1795 turns).

MrRokkomies the Gusty (Tengu Air Elementalist)      Turns: 1795, Time: 00:05:37

Health: -2/36      AC: 22    Str:  8    XL:     4   Next: 34%
Magic:  8/8        EV:  2    Int: 21    God:
Gold:   41         SH:  0    Dex: 15    Spells: 1/7 levels left

rFire    . . .     SeeInvis +   g - +1 halberd
rCold    . . .     Gourm    .   (shield currently unavailable)
rNeg     + + +     Faith    .   (armour currently unavailable)
rPois    +         Spirit   .   (helmet currently unavailable)
rElec    .         Reflect  .   (cloak currently unavailable)
rCorr    .         Harm     .   (gloves currently unavailable)
MR       .....     NoTele   +   (boots unavailable)
Stlth    ++........             (no amulet)
HPRegen  0.12/turn              f - ring of see invisible
MPRegen  0.11/turn              (no ring)

@: brilliant, lethally poisoned (-2 -> -4), tree-form
A: no striking features
a: no special abilities


You were on level 2 of the Dungeon.
You were not hungry.
You were a tree.
You visited 1 branch of the dungeon, and saw 2 of its levels.

You collected 41 gold pieces.

Inventory:

Hand Weapons
 d - a +0 short sword
 g - a +1 halberd (weapon)
Armour
 a - a +1 robe (melded)
Jewellery
 f - a ring of see invisible (left branch)
Scrolls
 h - a scroll of enchant weapon
 j - a scroll of remove curse {unknown}
Potions
 e - a potion of lignification
 i - a potion of brilliance
Books
 b - a book of Air

   Spells                             Type                      Level
   a - Shock                          Conjuration/Air              1
   b - Swiftness                      Charms/Air                   2
   c - Static Discharge               Conjuration/Air              3
   d - Airstrike                      Air                          4
   e - Lightning Bolt                 Conjuration/Air              5
Comestibles
 c - 5 rations


   Skills:
 - Level 2.1 Dodging
 - Level 2.0 Stealth
 - Level 2.0 Spellcasting
 * Level 3.9 Conjurations
 * Level 5.4 Air Magic


You had one spell level left.
You knew the following spells:

 Your Spells              Type           Power        Failure   Level  Hunger
a - Shock                 Conj/Air       ####         1%          1    #......
b - Static Discharge      Conj/Air       ####....     1%          3    ###....
c - Swiftness             Chrm/Air       ####....     1%          2    ##.....


Dungeon Overview and Level Annotations

Branches:
Dungeon (2/15)

Altars:


Innate Abilities, Weirdness & Mutations

((You have a beak for a mouth.))
((You have claws for feet.))


Message History

The adder barely misses you. The adder bites you.
You hit the adder.
The adder is almost dead.
You feel sick. The adder bites you. The adder misses you.
You are too injured to fight recklessly!
You are too injured to fight recklessly!
You are too injured to fight recklessly!
You are too injured to fight recklessly!
You closely miss the adder.
The adder is almost dead.
The adder bites you but does no damage. x2; The worm bites you!
* * * LOW HITPOINT WARNING * * *
It was a potion of lignification.
You turn into a tree.
Your +1 robe melds into your body.
Your roots penetrate the ground.
You feel sick. The adder bites you but does no damage. The adder bites you.
* * * LOW HITPOINT WARNING * * *
It was a potion of brilliance.
You feel clever all of a sudden. The adder bites you but does no damage.
The worm bites you!
You die...

########### #########.........#
**********
##.................###,,,,,,,,*
#..................'..,,,,,,,,,
###..............w...#,,,,,,,,,,*
.............###7S...#,,,,*****,,
.............#..........,,,,,,,,,
....###+#+##............,,,,,,,,,
....#......+......###...,,,,,,,,,
....#.....##......# *,$.....,,,,,
....#....###.#.#######+#....,,,,,
..#.....#....#.#**#.......###**,,
..+>...........,,,+.......'.,,,,,
..#.###.#.....,*,##.......##**,,,


You could see a worm and an adder.

Vanquished Creatures
  An adder (D:2)
  A gnoll (D:1)
  2 dart slugs (D:1)
  3 leopard geckos
  6 giant cockroaches
  5 goblins
  4 hobgoblins
  4 jackals (D:1)
  A ball python (D:2)
  3 bats
  2 frilled lizards
  12 kobolds
  6 rats
50 creatures vanquished.

Notes
Turn   | Place    | Note
-------+----------+-------------------------------------------
     0 | D:1      | MrRokkomies the Tengu Air Elementalist began the quest for the Orb.
     0 | D:1      | Reached XP level 1. HP: 10/10 MP: 4/4
   105 | D:1      | Reached XP level 2. HP: 13/15 MP: 6/6
   517 | D:1      | Reached XP level 3. HP: 11/19 MP: 7/7
   655 | D:1      | Reached skill level 5 in Air Magic
  1328 | D:2      | Reached XP level 4. HP: 11/24 MP: 8/8
  1341 | D:2      | Learned a level 3 spell: Static Discharge
  1344 | D:2      | Learned a level 2 spell: Swiftness
  1795 | D:2      | Slain by a worm

Vault maps used:
D:1:      zelgadis_glass_arrival_small, lexackson_kobold_supper
D:2:      kennysheep_the_goblin_king, marbit_many_paths, first_ration

Skill      XL: |  1  2  3 |
---------------+----------+-----
Conjurations   | 2 3 |  3.9
Air Magic      | 5 |  5.4
Dodging        | |  2.1
Stealth        | |  2.0
Spellcasting   | |  2.0

Action                   |  1- 3 |  4- 6 || total
-------------------------+-------+-------++-------
Melee: Short sword       |    32 |       ||    32
       Kick              |    13 |     5 ||    18
       Peck              |     7 |     3 ||    10
       Halberd           |    46 |    35 ||    81
 Cast: Shock             |    19 |     2 ||    21
  Use: Scroll            |     5 |       ||     5
       Potion            |       |     2 ||     2
 Stab: Sleeping          |     2 |       ||     2
  Eat: Chunk             |       |     3 ||     3
Armor: Robe              |    16 |     5 ||    21
       Skin              |       |     2 ||     2
Dodge: Dodged            |    54 |    30 ||    84

Table legend:
 A = Spawn XP
 B = Non-spawn XP
 C = Spawn XP percentage of total XP
 D = Spawn monster count
 E = Non-spawn monster count
 F = Spawn count percentage of total count
 G = Total turns spent on level
                    A         B        C        D         E        F      G
               +---------+---------+-------+---------+---------+-------+---------
         Total |       0 |     111 |   0.0 |       0 |      50 |   0.0 |  1795
               +---------+---------+-------+---------+---------+-------+---------
           D:1 |       0 |      79 |   0.0 |       0 |      36 |   0.0 |  1290
           D:2 |       0 |      32 |   0.0 |       0 |      14 |   0.0 |   505
               +---------+---------+-------+---------+---------+-------+---------
